 Dungeon Crawl Stone Soup version 0.30.1-11-g7821555f0a (webtiles) character file.

Game seed: 7473775760374795047

23 ExZ the Firebug (level 2, -6/15 HPs)
             Began as a Tengu Fire Elementalist on Dec 4, 2023.
             Mangled by a gnoll
             ... wielding a +0 flail
              (10 damage)
             ... on level 2 of the Dungeon.
             The game lasted 00:09:14 (1081 turns).

ExZ the Firebug (Tengu Fire Elementalist)           Turns: 1081, Time: 00:09:15

Health: -6/15      AC:  2    Str:  8    XL:     2   Next: 95%
Magic:  3/6        EV: 12    Int: 15    God:
Gold:   51         SH:  0    Dex: 14    Spells: 3/6 levels left

rFire   . . .        h - +0 dagger
rCold   . . .        (no shield)
rNeg    . . .        a - +0 robe
rPois   .            (helmet restricted)
rElec   .            (no cloak)
rCorr   .            (no gloves)
SInv    .            (boots unavailable)
Will    .....        (no amulet)
Stlth   ++           (no ring)
HPRegen 0.22/turn    (no ring)
MPRegen 0.10/turn

%: no passive effects
@: no status effects
A: beak, talons 3
a: no special abilities


You were on level 2 of the Dungeon.
You visited 1 branch of the dungeon, and saw 2 of its levels.

You collected 51 gold pieces.

Inventory:

Hand Weapons
 h - a +0 dagger (weapon)
Armour
 a - a +0 robe (worn)
 i - a +0 helmet
Scrolls
 d - 2 scrolls of noise {unknown}
 k - a scroll of identify {unknown}
 l - a scroll of enchant weapon {unknown}
Potions
 b - a potion of magic
 c - 2 potions of attraction {unknown}
 e - 2 potions of might {unknown}
 f - a potion of berserk rage {unknown}
 g - a potion of heal wounds {unknown}
 j - 2 potions of curing {unknown}


   Skills:
 - Level 2.1 Dodging
 + Level 2.4 Stealth
 + Level 2.9 Spellcasting
 - Level 1.3 Conjurations
 - Level 3.2 Fire Magic


You had 3 spell levels left.
You knew the following spells:

 Your Spells              Type           Power      Damage    Failure   Level
a - Foxfire               Conj/Fire      36%        2x1d5     8%          1
b - Scorch                Fire           24%        2d6       8%          2

Your spell library contained the following spells:

 Spells                   Type           Power      Damage    Failure   Level
 Inner Flame              Hex/Fire       7%         N/A       30%         3
 Volatile Blastmotes      Fire/Tloc      14%        2d11      30%         3
 Flame Wave               Conj/Fire      9%         2d6       61%         4


Dungeon Overview and Level Annotations

Branches:
Dungeon (2/15)

Altars:


Innate Abilities, Weirdness & Mutations

You have a beak for a mouth.
You have claws for feet.


Message History

Casting: Foxfire (safe; 8% risk of failure)
Confirm with . or Enter, or press ? or * to list all spells.
You miscast Foxfire.
You are very lightly contaminated with residual magic.
Nothing appears to happen.
Casting: Foxfire (safe; 8% risk of failure)
Confirm with . or Enter, or press ? or * to list all spells.
You conjure some foxfire!
Unknown command.
Unknown command.
Your foxfire dissipates!
The foxfire hits the gnoll.
The gnoll is almost dead.
There is an open door here.
A rat comes into view.
Found 10 gold pieces.
A giant cockroach and a frilled lizard come into view.
Found a club.
Found a stone staircase leading down.
Your magical contamination has completely faded away.
The frilled lizard hisses angrily.
The frilled lizard bites you. The frilled lizard bites you.
Unknown command.
The frilled lizard attacks as you move away!
The frilled lizard barely misses you.
The frilled lizard attacks as you move away!
The frilled lizard bites you but does no damage.
The frilled lizard attacks as you move away!
The frilled lizard bites you.
The frilled lizard attacks as you move away!
The frilled lizard misses you.
The gnoll shouts!
The gnoll drinks a potion.
The gnoll seems to speed up.
There is an open door here.
The gnoll attacks as you move away! The gnoll hits you with a +0 flail!
Ouch! That really hurt!
* * * LOW HITPOINT WARNING * * *
The gnoll hits you with a +0 flail!
Ouch! That really hurt!
You die...

# # #.....#####...# #
#####..##....gr......# #
....(......#######...# #
..########.# ##.## # #.# #r# #.# #
#.# ##g## #.# # #.# ##...## #r# #
##.# ##l....## #.## # ####..#
##.@g....## #).####
#####.....####.........####......
......[......'.รท...)...'.......#.
#####.#...####.........####......
#.##.## ##.......## ##..... #.####
##.....## #^.... #.# ##...##
#...$. #.# ##'## #..... #g#
####.#### ##B##


You could see 2 gnolls, a frilled lizard and a rat.

Vanquished Creatures
  A gnoll (D:2)
  2 ball pythons
  An endoplasm (D:2)
  A goblin (D:2)
  A hobgoblin (D:1)
  A quokka (D:1)
  A frilled lizard (D:1)
  4 kobolds
  A rat (D:1)
13 creatures vanquished.

Vanquished Creatures (others)
  52 foxfires
52 creatures vanquished.

Grand Total: 65 creatures vanquished

Notes
Turn   | Place    | Note
-------+----------+-------------------------------------------
     0 | D:1      | ExZ the Tengu Fire Elementalist began the quest for the
                  | Orb.
     0 | D:1      | Reached XP level 1. HP: 10/10 MP: 4/4
   354 | D:1      | Reached XP level 2. HP: 15/15 MP: 3/6
   945 | D:2      | Learned a level 2 spell: Scorch
  1081 | D:2      | Mangled by a gnoll

Illustrated notes

Levels and vault maps discovered:
D:1:      roderic_chinese_lattice_arrival, layout_basic
D:2:      layout_loops_corners, guppyfry_early_lair_pool

Action                     || total
---------------------------++-------
  Melee: Dagger            ||     1
   Cast: Foxfire           ||    32
 Armour: Robe              ||     2
  Dodge: Dodged            ||    12
